 Dungeon Crawl Stone Soup version 0.19.5 (webtiles) character file.

80 miragecloak the Cudgeler (level 4, -2/35 HPs)
             Began as a Formicid Abyssal Knight on May 3, 2017.
             Was a Believer of Lugonu.
             Killed from afar by a dart slug (6 damage)
             ... with a slug dart
             ... on level 3 of the Dungeon.
             The game lasted 00:02:33 (3837 turns).

miragecloak the Cudgeler (Formicid Abyssal Knight)  Turns: 3837, Time: 00:02:34

Health: -2/35      AC:  4    Str: 17    XL:     4   Next: 65%
Magic:  5/5        EV: 11    Int: 11    God:    Lugonu [**....]
Gold:   108        SH:  0    Dex: 11    Spells: 0 memorised, 3 levels left

rFire  . . .     SeeInvis +     a - +1 mace
rCold  . . .     Gourm    .     b - +0 leather armour
rNeg   . . .     Faith    .     (no shield)
rPois  .         Spirit   .     (helmet unavailable)
rElec  .         Reflect  .     (no cloak)
rCorr  .         Harm     .     (no gloves)
MR     .....                    m - +0 pair of boots
Stlth  +.........               (no amulet)
                                (no ring)
                                (no ring)

@: no status effects
A: permanent stasis, dig shafts and tunnels, four strong arms, antennae 3
a: Dig, Shaft Self, Depart the Abyss, Bend Space, Renounce Religion


You were on level 3 of the Dungeon.
You worshipped Lugonu.
Lugonu was pleased with you.
You were very hungry.

You visited 1 branch of the dungeon, and saw 3 of its levels.
You visited the Abyss 1 time.

You collected 108 gold pieces.

Inventory:

Hand Weapons
 a - a +1 mace (weapon)
Armour
 b - a +0 leather armour (worn)
 m - a +0 pair of boots (worn)
Jewellery
 g - an uncursed ring of magical power {unknown}
Scrolls
 e - a scroll of random uselessness {unknown}
 h - a scroll of immolation {unknown}
 j - a scroll of identify {unknown}
 n - 4 scrolls of teleportation {unknown}
 o - a scroll of recharging {unknown}
 p - a scroll of magic mapping {unknown}
Potions
 d - a potion of invisibility {unknown}
 f - a potion of degeneration {unknown}
 k - a potion of cure mutation {unknown}
Comestibles
 c - 2 bread rations
 i - a beef jerky
 l - a meat ration


   Skills:
 - Level 3.2 Fighting
 + Level 4.5 Maces & Flails
 - Level 2.1 Armour
 - Level 0.8 Dodging
 - Level 2.1 Invocations


You had 3 spell levels left.
You didn't know any spells.

Dungeon Overview and Level Annotations

Branches:
Dungeon (3/15)

Altars:
Trog

Annotations:
D:3 execc's ghost, amateur KoHu


Innate Abilities, Weirdness & Mutations

You are under a permanent stasis effect.
You can dig through walls and to a lower floor.
Your four strong arms can wield two-handed weapons with a shield.
You have a pair of large antennae on your head. (SInv)


Message History

The jackal bites you but does no damage.
The jackal misses you. The dart slug launches a dart at you.
The slug dart misses you.
You hit the ogre.
The ogre is lightly wounded.
The jackal bites you but does no damage.
The ogre barely misses you. The jackal bites you.
The dart slug bites you but does no damage.
A howler monkey skeleton comes into view.
You hit the ogre.
The ogre is lightly wounded.
The jackal closely misses you.
The howler monkey skeleton moves out of view.
The ogre hits you with a giant club!!
Ouch! That really hurt!
* * * LOW HITPOINT WARNING * * *
The dart slug launches a dart at you. The slug dart hits you!
You die...

..8....#
8.8...# #
_$8..# .#
8.... ..##
...##...#.
.........
#Ow......
#@h.....#
#...#...##
#..## ##
#..# #..#
#.(# #..#
#..#


You could see an ogre, a dart slug and a jackal.

Vanquished Creatures
  An adder (D:2)
  A worm (D:2)
  3 dart slugs (D:1)
  3 leopard geckos
  An orc (D:1)
  3 giant cockroaches
  6 goblins
  9 hobgoblins
  7 jackals
  A quokka (D:2)
  5 bats
  2 frilled lizards (D:2)
  5 kobolds
  6 rats
53 creatures vanquished.

Notes
Turn   | Place    | Note
-------+----------+-------------------------------------------
     0 | Abyss:1  | miragecloak the Formicid Abyssal Knight began the quest for the Orb.
     0 | Abyss:1  | Reached XP level 1. HP: 18/18 MP: 2/2
    85 | Abyss:1  | Noticed a wretched star
    85 | D:1      | Escaped the Abyss
   112 | D:1      | Reached * piety under Lugonu
   138 | D:1      | Reached XP level 2. HP: 3/24 MP: 3/3
   670 | D:1      | Reached skill level 3 in Maces & Flails
   989 | D:1      | Reached XP level 3. HP: 24/29 MP: 4/4
  2175 | D:2      | Reached XP level 4. HP: 35/35 MP: 5/5
  2182 | D:2      | Reached skill level 4 in Maces & Flails
  3365 | D:2      | Reached ** piety under Lugonu
  3502 | D:3      | Found a bloodstained altar of Trog.
  3504 | D:3      | Noticed execc's ghost (amateur KoHu)
  3512 | D:3      | HP: 1/35 [execc's ghost (12)]
  3827 | D:3      | Found a faded altar of an unknown god.
  3835 | D:3      | Noticed an ogre
  3837 | D:3      | Killed from afar by a dart slug

Skill      XL: |  1  2  3  4 |
---------------+-------------+-----
Maces & Flails | 3 4 |  4.5
Fighting       | |  3.2
Armour         | |  2.1
Dodging        | |  0.8
Invocations    | |  2.1

Action                   |  1- 3 |  4- 6 || total
-------------------------+-------+-------++-------
Melee: Mace              |   102 |    95 ||   197
Invok: Depart the Abyss  |     1 |       ||     1
  Eat: Chunk             |     4 |     4 ||     8
Armor: Leather armour    |    45 |    25 ||    70
Dodge: Dodged            |   101 |    60 ||   161
